Rydin, neutral female human Valkyrie ---- ---- ---..| ---...-- |....------ |......----- |......|..| |..........---------.....)| -..........|...| --....-- ---............------).| --^.----.....^......-- --.--------.-.--.|.--- -........)......|.'.| |...-------.--------@--- -...| |.------ |...| ....| |......| ---..G- ...--- --....-- ...GG ..-- ---..| ------ --- ---- Rydin the Fighter Experience level: 7 Strength: 16 Dexterity: 16 Constitution: 18 Intelligence: 9 Wisdom: 8 Charisma: 8 Health: 0(67) Energy: 17(17) Def: 11 Gold: 238 Moves: 1439 Dungeon seed: Dg7IACK9w7DmUsmB Game ID: Rydin_1444327386 Your Inventory: Coins $ - 238 gold pieces Weapons a - a blessed +2 war hammer (weapon in hand) Armor e - an uncursed +3 small shield (being worn) n - an uncursed +0 pair of speed boots (being worn) N - an uncursed +0 dwarvish mithril-coat (being worn) Comestibles d - 2 uncursed food rations M - an uncursed tripe ration P - an uncursed egg V - an uncursed melon Scrolls g - an uncursed scroll of enchant weapon i - an uncursed scroll of gold detection I - a cursed scroll of light K - an uncursed scroll of teleportation Y - an uncursed scroll of create monster Z - 2 uncursed scrolls of identify Potions o - an uncursed potion of healing X - an uncursed potion of paralysis Rings h - a cursed ring of fire resistance s - an uncursed ring of searching u - an uncursed ring of shock resistance U - an uncursed ring of slow digestion Wands b - a wand of polymorph (0:7) c - a wand of cold (0:0) j - a wand of digging (0:5) J - a wand of digging (0:4) O - a cursed wand of opening (0:6) Tools f - an uncursed oil lamp (lit) (0:633) F - a +0 pick-axe G - a horn of plenty (0:12) H - 5 blessed tallow candles (0:200) L - an uncursed lock pick S - an uncursed tin opener T - an uncursed mirror Gems q - an uncursed opal r - 2 uncursed worthless pieces of yellow glass y - 2 uncursed worthless pieces of violet glass z - an uncursed worthless piece of white glass W - an uncursed jade stone Spells and supernatural/magical abilities: Name Level Category Fail Memory W - pray for help -- divine ? -- Your skills at the end: Miscellaneous Skills shield [Basic] wands [Basic] Weapon Skills dagger [Basic] hammer [Basic] Spellcasting Skills Final Attributes: You were devoutly aligned. You were cold resistant. You were stealthy. You could fly. You were very fast. You are dead. Vanquished creatures: a small mimic 2 dwarf kings 2 soldier ants a fire ant 9 gnome lords 4 gnomish wizards a kobold mummy a little dog a kitten 11 dwarves a rothe 2 coyotes a hobbit a hobgoblin 2 giant rats 28 gnomes 4 manes a jackal 2 foxes 5 newts 2 goblins 2 lichens 2 kobold zombies 86 creatures vanquished. Voluntary challenges: You did not adorn yourself with jewelry or accessories. You used a wielded weapon 121 times, starting on turn 35. You did not use containers. You did not apply a unicorn horn. You were illiterate. You never genocided any monsters. You polymorphed 4 items, starting on turn 1391. You never changed form. You used no wishes. You never split a pudding. You never wrote Elbereth's name. You violated your moral code, losing 1 point of alignment, starting on turn 1167. Dungeon overview: The Dungeons of Doom: levels 1 to 2 Level 1 a long staircase Level 2 a fountain stairs to The Gnomish Mines The Gnomish Mines: levels 3 to 8 Level 3 stairs to The Dungeons of Doom Level 4 Level 5 Level 6 a general store, a fountain Level 7 Level 8 <- You were here History has recorded: On T:1 you entered the Dungeons of Doom to retrieve the Amulet of Yendor! On T:261 you reached level 2 of The Dungeons of Doom. On T:364 you advanced to experience level 2. On T:413 you reached level 1 of The Gnomish Mines. On T:477 you advanced to experience level 3. On T:490 you advanced to experience level 4. On T:589 you reached level 2 of The Gnomish Mines. On T:626 you advanced to experience level 5. On T:863 you reached level 3 of The Gnomish Mines. On T:877 you advanced to experience level 6. On T:1080 you reached level 4 of The Gnomish Mines. On T:1244 you reached level 5 of The Gnomish Mines. On T:1264 you advanced to experience level 7. On T:1342 you reached level 6 of The Gnomish Mines. Score breakdown: Gold: 238 ( 23 points) Experience: 7 levels ( 600 points) Exploration: 8 levels ( 210 points) Discoveries: 4 items ( 200 points) Variety of kills: 23 monsters ( 1150 points) Major goal: (nothing yet) ( 0 points) Survival: died (score multiplied by 3) Total score: 6549 Latest messages: You hit the clay golem! The clay golem hits! You die... Final status: Farvel Rydin the Valkyrie, killed by a clay golem... You died in The Gnomish Mines on dungeon level 8 with 6549 points, and 238 pieces of gold, after 1439 moves. You were level 7 with a maximum of 67 hit points when you died.